AoeStats
← [CL] Al3jandr0.magn00

Arabia

505974345Analyzed
1v1 RM · 20d ago on Sep 11, 2026· 39m 2s· 2 players
Game mode
Random Map
Map size
Tiny (2 player)
Population
200
Speed
Normal
Resources
Standard
Victory
Conquest
Starting age
Dark Age
Ending age
Imperial Age
RankedLock teamsTeams togetherTeam positionsShared explorationLock speedFull tech treeHidden civsTurbo modeCheats
Victory
Defeat
🇮🇱 Chinese · Israel
2178
+7
🇦🇷 Bohemians · Argentina
1951
-7
[CL] Al3jandr0.magn00
6:49 Loom
9:19 Feudal Age
9:56 Double-Bit Axe
9:53 Horse Collar
16:35 Fletching
21:28 Castle Age
21:30 Crossbowman
22:05 Bodkin Arrow
22:28 Bow Saw
23:46 Ballistics
25:14 Wheelbarrow
26:53 Town Watch
34:42 Imperial Age
35:43 Chemistry
35:42 Bracer
37:31 Arbalester
Shahar18
0:26 Loom
9:18 Feudal Age
10:00 Double-Bit Axe
10:16 Horse Collar
15:10 Fletching
16:34 Wheelbarrow
18:11 Padded Archer Armor
18:07 Gold Mining
22:17 Castle Age
20:24 Padded Archer Armor
22:04 Town Watch
22:24 Elite Skirmisher
23:00 Bodkin Arrow
23:15 Bow Saw
24:00 Leather Archer Armor
24:01 Heavy Plow
25:05 Ballistics
26:52 Hand Cart
33:12 Imperial Age
33:37 Thumb Ring
33:55 Bracer
35:07 Chemistry
35:05 Ring Archer Armor
35:25 Masonry
35:10 Crossbowman
37:12 Two-Man Saw
36:21 Scale Barding Armor
35:37 Light Cavalry
36:28 Bloodlines
37:53 Two-Man Saw
37:01 Husbandry
37:03 Guard Tower
37:42 Chain Barding Armor
38:03 Bloodlines
38:04 Forging
38:19 Conscription
Connection lost

Rejoining the realm…

Still unreachable

The connection could not be restored.

Session expired

The server has moved on; the page needs a fresh start.